 Dungeon Crawl Stone Soup version 0.18-a0-1070-gd466a24 (webtiles) character file.

83703 4thArraOfDagon the Executioner (level 15, -5/211 HPs)
             Began as a Hill Orc Berserker on Jan 13, 2016.
             Was an Elder of Trog.
             Shot with an arrow by a naga sharpshooter (9 damage)
             ... on level 4 of the Snake Pit.
             The game lasted 00:52:48 (7924 turns).

4thArraOfDagon the Executioner (Hill Orc Berserker) Turns: 7924, Time: 00:52:48

Health: -5/211     AC: 28    Str: 30    XL:     15   Next: 78%
Magic:  22/22      EV: 15    Int: 12    God:    Trog [****..]
Gold:   948        SH:  0    Dex: 18    Spells: 0 memorised, 14 levels left

rFire  . . .     SeeInvis .     D - +1 broad axe (elec)
rCold  . . .     Gourm    .     R - +2 chain mail of the Game of Kings {rPois rN+ Str+3 Dex+3}
rNeg   + . .     Faith    .     (no shield)
rPois  +         Spirit   .     (no helmet)
rElec  .         Dismiss  .     r - +0 cloak
rCorr  .         Reflect  .     x - +1 pair of gloves
SustAt .         Harm     .     Q - +2 pair of boots of the Assassin {DetectMon Stab+ Stlth++}
MR     ++++.                    J - amulet of Ceedgh {MPRegen MR+}
Stlth  ..........               p - +3 ring of evasion
                                e - +5 ring of protection

@: agile, berserking (expiring), lethally poisoned (-5 -> -5), regenerating,
constricted, very quick, incredibly resistant to hostile enchantments, extremely
unstealthy
A: no striking features
a: Berserk, Trog's Hand, Brothers in Arms, Burn Spellbooks, Renounce Religion


You were on level 4 of the Snake Pit.
You worshipped Trog.
Trog was greatly pleased with you.
You were not hungry.

You visited 4 branches of the dungeon, and saw 28 of its levels.
You also visited: Labyrinth and Sewer.

You collected 2289 gold pieces.
You spent 1341 gold pieces at shops.

Inventory:

Hand Weapons
 b - a +1 war axe of freezing
 o - the +5 hand axe "Eschiga" {venom, rF- rN+ MP-9 Str+7}
   (You found it on level 4 of the Lair of Beasts)

   It poisons the flesh of those it strikes.
   It affects your strength (+7).
   It makes you vulnerable to fire.
   It protects you from negative energy.
   It affects your magic capacity (-9).
 D - a +1 broad axe of electrocution (weapon)
 W - the +0 mace of Hudaj {pain, rC+ MR+ Int+2 SInv}
   (You found it on level 12 of the Dungeon)

   In the hands of one skilled in necromantic magic, it inflicts extra damage on
   living creatures.
   It affects your intelligence (+2).
   It protects you from cold.
   It affects your resistance to hostile enchantments.
   It lets you see invisible.
Missiles
 O - a throwing net (quivered)
Armour
 r - a +0 cloak (worn)
 x - a +1 pair of gloves (worn)
 E - the +1 chain mail of Summer {rF+ rC+ Str+3}
   (You found it in a labyrinth)

   It affects your strength (+3).
   It protects you from fire.
   It protects you from cold.
 G - the +0 chain mail of Autumn {rF- rN+++ MP+9 Str+2}
   (You bought it in a shop on level 2 of the Orcish Mines)

   It affects your strength (+2).
   It makes you vulnerable to fire.
   It renders you almost immune to negative energy.
   It affects your magic capacity (+9).
 Q - the +2 pair of boots of the Assassin (worn) {DetectMon Stab+ Stlth++}
   (You bought it in a shop on level 2 of the Orcish Mines)

   It makes you much more stealthy.
 R - the +2 chain mail of the Game of Kings (worn) {rPois rN+ Str+3 Dex+3}
   (You bought it in a shop on level 2 of the Orcish Mines)

   It affects your strength (+3).
   It affects your dexterity (+3).
   It protects you from poison.
   It protects you from negative energy.
Rods
 l - a +7 rod of the swarm (12/12)
   (You found it on level 8 of the Lair of Beasts)
 N - a +5 iron rod (12/12)
   (You took it off a minotaur in a labyrinth)
Jewellery
 e - a +5 ring of protection (left hand)
 p - a +3 ring of evasion (right hand)
 J - the amulet of Ceedgh (around neck) {MPRegen MR+}
   (You found it on level 10 of the Dungeon)

   [amulet of magic regeneration]

   It increases your magic regeneration.
   It affects your resistance to hostile enchantments.
 L - a +2 ring of intelligence
 M - an uncursed ring of protection from fire
 U - an uncursed ring of ice
Wands
 a - a wand of enslavement (10/24)
 n - a wand of random effects (12/48)
 u - a wand of disintegration (12/24)
 w - a wand of random effects (0/48)
 C - a wand of confusion (22/48)
 X - a wand of draining (0/15)
Scrolls
 g - a scroll of enchant armour
 i - a scroll of brand weapon
 j - 2 scrolls of remove curse
 q - 4 scrolls of fog {unknown}
 y - 2 scrolls of blinking {unknown}
 z - 5 scrolls of teleportation
 B - 5 scrolls of recharging
 K - 4 scrolls of magic mapping
Potions
 d - 2 potions of cure mutation
 f - a potion of brilliance
 h - 3 potions of haste
 k - 3 potions of might
 m - 2 potions of invisibility
 s - a potion of lignification
 v - a potion of resistance
 A - 2 potions of curing
 H - 3 potions of agility
 P - 3 potions of flight
 Y - a potion of cancellation {unknown}
 Z - 2 potions of mutation {unknown}
Books
 F - a book of Spatial Translocations

   Spells                             Type                      Level
   a - Apportation                    Translocation                1
   b - Blink                          Translocation                2
   c - Shroud of Golubria             Charms/Translocation         2
   d - Portal Projectile              Translocation                3
   e - Teleport Other                 Translocation                3
   f - Passage of Golubria            Translocation                4
   Trog disapproves of the use of such an item.
Comestibles
 c - 9 bread rations
 t - 7 meat rations


   Skills:
 + Level 15.2 Fighting
 * Level 21.8 Axes
 + Level 14.2 Armour
 - Level 1.5 Dodging
 - Level 9.3 Evocations


You had 14 spell levels left.
You didn't know any spells.

Dungeon Overview and Level Annotations

Branches:
Dungeon (14/15)              Lair (8/8) D:11          Snake (4/4) Lair:3
    Orc (2/2) D:12            Elf (0/3) Orc:2
 Temple: D:4-7        Swamp: Lair:3-6    Shoals: Lair:3-6     Slime: Lair:6-8
 Vaults: D:13-14

Altars:
Kikubaaqudgha
Makhleb
Ru
Vehumet
Beogh

Shops:
D:14 :   Orc:1 [}   Orc:2 }??[

Portals:
Hell: Lair:8

Annotations:
D:4 TSO
Lair:4 SWAMP4 3


Message History

Unknown command.
You closely miss the naga warrior. You hit the naga.
The naga is lightly wounded.
You slash the naga!
There is a sudden explosion of sparks!
You kill the naga!
Trog accepts your kill.
The naga warrior hits you with a glaive!
* * * LOW HITPOINT WARNING * * *
The naga warrior grabs you.
* * * LOW HITPOINT WARNING * * *
The naga warrior constricts you.
You slice the naga warrior!!
The naga warrior is moderately wounded.
You slice the naga!!
The naga is severely wounded.
You feel sick.
The naga sharpshooter casts a spell.
The naga sharpshooter magically shoots an arrow.
The arrow hits you!
You die...

......# ###... ......#
##..... ........ .....##
#.$.... #NN.... ##..##
#.....) #.N... # ##..###
....... #......# ##....#
....#.. #...#..# ......#
......)## #......#
....### #.....)(####
#..N...# ....###
#......)@NN#####......###
#...[.#
##......N......(.........
#...###
###.....................
.....##
####..................
......#
#####..............
......# ######...)..##
......# #......# ......#
#......# ......# #......#


You could see a naga warrior, a naga sharpshooter and a naga.

Vanquished Creatures
  Jorgrun (Snake:2)
  4 greater nagas (Snake:4)
  Louise (Snake:2)
  A minotaur (Lab)
  5 naga warriors
  2 hydras (Lair:8)
  An anaconda (Snake:2)
  2 ogre magi (Orc:2)
  A death yak (D:11)
  5 naga sharpshooters
  3 shock serpents
  A sun demon (Lair:8)
  Nergalle (D:10)
  A salamander mystic (Snake:3)
  5 sea snakes
  7 naga ritualists
  3 hill giants
  An orc knight (Orc:1)
  A hornet (D:13)
  5 mana vipers
  A cyclops (D:13)
  An oklob plant (Lair:6)
  3 ugly things
  A wizard (Lair:8)
  8 orc sorcerers (Orc:2)
  2 griffons
  6 elephants
  A centaur zombie (D:11)
  23 black mambas
  2 torpor snails
  A guardian serpent (Snake:2)
  A smoke demon (Lair:8)
  8 naga magi
  4 gargoyles (Lab)
  6 orange demons (Lair:8)
  4 spiny frogs
  A centaur skeleton (D:11)
  A yaktaur (D:13)
  5 komodo dragons
  2 fire drakes (Lair:8)
  3 ice devils (Lair:8)
  A hellwing (Lair:8)
  A giant leech (Lair:4)
  3 trolls (Orc:2)
  A polar bear (Lair:5)
  2 two-headed ogres (D:11)
  10 blink frogs
  3 slime creatures (D:12)
  3 wyverns
  A hog (D:12)
  32 yaks
  3 basilisks
  2 vampire mosquitoes (D:13)
  4 hippogriffs
  2 mottled dragons (D:13)
  A steam dragon (D:10)
  2 swamp worms (Lair:4)
  3 wolves (Lair:8)
  22 nagas
  A soldier ant (D:12)
  A warg (Orc:2)
  6 water moccasins
  3 porcupines
  Purgy (Sewer)
  12 orc warriors
  A sky beast (D:13)
  2 ice beasts
  An eye of draining (D:11)
  2 black bears
  8 ogres
  A phantom (D:13)
  2 centaurs
  16 crocodiles
  11 big kobolds
  7 giant frogs
  A gnoll sergeant (Orc:2)
  A wyvern zombie (D:13)
  4 scorpions
  A wyvern skeleton (D:6)
  A water moccasin skeleton (D:8)
  An electric eel (Lair:6)
  7 wights
  A crimson imp (D:12)
  2 giant frog zombies
  A jelly (D:10)
  6 hounds
  10 orc priests
  26 orc wizards
  A giant frog skeleton (D:6)
  9 iguanas
  3 worker ants
  19 sheep
  A hound skeleton (D:7)
  11 gnolls
  18 river rats
  6 adders
  A shadow imp (D:11)
  A worm (D:2)
  A giant gecko (D:1)
  61 orcs
  2 ball pythons (D:5)
  A giant cockroach (D:1)
  6 goblins
  3 hobgoblins (D:1)
  2 jackals (D:1)
  A quokka (D:13)
  A bat (Sewer)
  4 giant newts
  A jackal zombie (D:8)
  25 kobolds
  2 rats (D:1)
  2 bushes (Lair:6)
  3 fungi
  2 plants
555 creatures vanquished.

Vanquished Creatures (collateral kills)
  2 hydras
  A fire drake (Lair:8)
  A boulder beetle (Lair:8)
  A hell hound (Lair:8)
5 creatures vanquished.

Vanquished Creatures (others)
  A naga (Snake:4)
  A fungus (Lair:4)
  A plant (Lair:6)
3 creatures vanquished.

Grand Total: 563 creatures vanquished

Notes
Turn   | Place    | Note
--------------------------------------------------------------
     0 | D:1      | 4thArraOfDagon the Hill Orc Berserker began the quest for the Orb.
     0 | D:1      | Reached XP level 1. HP: 19/19 MP: 1/1
    28 | D:1      | Reached XP level 2. HP: 14/27 MP: 2/2
   167 | D:1      | You fall through a shaft!
   195 | D:2      | Reached XP level 3. HP: 33/33 MP: 3/3
   260 | D:2      | Reached skill level 5 in Axes
   261 | D:2      | Reached XP level 4. HP: 40/40 MP: 4/4
   273 | D:1      | Reached ** piety under Trog
   335 | D:3      | Found a faded altar to an unknown god.
   347 | D:3      | Noticed an ogre
   371 | D:5      | Entered Level 5 of the Dungeon
   445 | D:5      | Found a glowing drain.
   458 | D:5      | Reached skill level 6 in Axes
   458 | D:5      | Reached XP level 5. HP: 47/47 MP: 5/5
   509 | Sewer    | Entered a sewer
   594 | Sewer    | Noticed Purgy
   618 | Sewer    | Killed Purgy
   618 | Sewer    | Reached skill level 5 in Fighting
   618 | Sewer    | Reached XP level 6. HP: 43/56 MP: 6/6
   655 | D:5      | Noticed an ice beast
   711 | D:6      | Reached skill level 7 in Axes
   712 | D:6      | Killed an ice beast
   712 | D:6      | Reached XP level 7. HP: 47/61 MP: 7/7
   781 | D:6      | Reached skill level 8 in Axes
   888 | D:7      | Reached skill level 5 in Armour
   895 | D:7      | Reached *** piety under Trog
   899 | D:7      | Reached XP level 8. HP: 71/71 MP: 8/8
   942 | D:6      | Reached skill level 9 in Axes
  1218 | D:8      | Reached skill level 10 in Axes
  1307 | D:8      | Reached XP level 9. HP: 43/79 MP: 9/9
  1363 | D:7      | Reached skill level 11 in Axes
  1477 | D:8      | Reached **** piety under Trog
  1593 | D:9      | Found a sacrificial altar of Ru.
  1631 | D:10     | Entered Level 10 of the Dungeon
  1636 | D:10     | Reached skill level 12 in Axes
  1642 | D:10     | Reached XP level 10. HP: 91/91 MP: 10/10
  1702 | D:9      | Reached skill level 13 in Axes
  1888 | D:10     | Noticed a hill giant
  1942 | D:10     | Killed a hill giant
  2049 | D:10     | Noticed Nergalle
  2067 | D:10     | Killed Nergalle
  2067 | D:10     | Reached skill level 14 in Axes
  2079 | D:10     | Got a fine golden amulet
  2081 | D:10     | Identified the amulet of Ceedgh {MPRegen MR+} (You found it on level 10 of the Dungeon)
  2139 | D:10     | Reached skill level 10 in Fighting
  2295 | D:11     | Reached XP level 11. HP: 93/101 MP: 11/11
  2328 | D:11     | Reached skill level 15 in Axes
  2519 | D:12     | Found a roughly hewn altar of Beogh.
  2540 | D:12     | Found a staircase to the Orcish Mines.
  2552 | D:12     | Reached ***** piety under Trog
  2599 | Orc:1    | Entered Level 1 of the Orcish Mines
  2614 | Orc:2    | Entered Level 2 of the Orcish Mines
  2614 | Orc:2    | Found a labyrinth entrance.
  2616 | Orc:2    | Found a staircase to the Elven Halls.
  2647 | Lab      | Entered a labyrinth
  3110 | Lab      | Reached skill level 1 in Evocations
  3145 | Lab      | Got an encrusted chain mail
  3156 | Lab      | Identified the cursed +1 chain mail of Summer {rF+ rC+ Str+3} (You found it in a labyrinth)
  3463 | Lab      | Noticed a minotaur
  3476 | Lab      | Killed a minotaur
  3476 | Lab      | Reached skill level 10 in Armour
  3479 | Lab      | uhh
  3479 | Lab      | :(
  3834 | Orc:1    | Found Osirr's Armour Emporium.
  3834 | Orc:1    | Noticed an orc knight
  3841 | Orc:1    | Killed an orc knight
  3841 | Orc:1    | Reached skill level 16 in Axes
  3872 | Orc:1    | Found Coesog's Quality Used Wands.
  3967 | Orc:2    | Noticed an orc sorcerer
  3994 | Orc:2    | Killed an orc sorcerer
  4012 | Orc:2    | Found Anutz's Magic Scroll Shop.
  4012 | Orc:2    | Noticed an orc sorcerer
  4024 | Orc:2    | Killed an orc sorcerer
  4050 | Orc:2    | Noticed an ogre mage
  4058 | Orc:2    | Killed an ogre mage
  4058 | Orc:2    | Reached XP level 12. HP: 108/110 MP: 14/14
  4071 | Orc:2    | Found an ancient bone altar of Kikubaaqudgha.
  4112 | Orc:2    | Found Xapaerie's Gadget Shop.
  4125 | Orc:2    | Noticed an ogre mage
  4133 | Orc:2    | Found a radiant altar of Vehumet.
  4141 | Orc:2    | Killed an ogre mage
  4176 | Orc:2    | Found a roughly hewn altar of Beogh.
  4176 | Orc:2    | Found Peugg's Antique Armour Boutique.
  4185 | Orc:2    | Reached skill level 17 in Axes
  4191 | Orc:2    | Found Onirroer's Magic Scroll Boutique.
  4197 | Orc:2    | Noticed a soul eater
  4197 | Orc:2    | Received a gift from Trog
  4209 | Orc:2    | Bought the +2 pair of boots of the Assassin {DetectMon Stab+ Stlth++} for 731 gold pieces
  4209 | Orc:2    | Bought a polished chain mail for 256 gold pieces
  4224 | Orc:2    | Identified the +2 chain mail of the Game of Kings {rPois rN+ Str+3 Dex+3} (You bought it in a shop on level 2 of the Orcish Mines)
  4227 | Orc:2    | Bought a brightly glowing chain mail for 256 gold pieces
  4237 | Orc:2    | Identified the cursed +0 chain mail of Autumn {rF- rN+++ MP+9 Str+2} (You bought it in a shop on level 2 of the Orcish Mines)
  4257 | Orc:2    | Bought a scroll of magic mapping for 49 gold pieces
  4257 | Orc:2    | Bought a scroll of magic mapping for 49 gold pieces
  4614 | D:14     | Found Defyrucku's Book Shoppe.
  4625 | D:13     | Reached skill level 5 in Evocations
  4760 | D:13     | Received a gift from Trog
  4866 | D:13     | Noticed a four-headed hydra
  4887 | D:12     | Got a jewelled mace
  4951 | D:11     | Noticed a death yak
  4952 | D:11     | Found a staircase to the Lair.
  4961 | D:11     | Reached skill level 18 in Axes
  4961 | D:11     | Reached XP level 13. HP: 116/119 MP: 17/17
  5012 | Lair:1   | Entered Level 1 of the Lair of Beasts
  5116 | Lair:2   | You fall through a shaft!
  5166 | Lair:3   | Found a staircase to the Snake Pit.
  5394 | Lair:5   | Received a gift from Trog
  5564 | Lair:4   | You fall through a shaft!
  5767 | Lair:8   | Entered Level 8 of the Lair of Beasts
  5929 | Lair:8   | Reached skill level 19 in Axes
  6220 | Lair:8   | Found a burning altar of Makhleb.
  6264 | Lair:8   | Reached XP level 14. HP: 115/129 MP: 19/19
  6315 | Lair:8   | Received a gift from Trog
  6367 | Lair:8   | Found a gateway to Hell.
  6378 | Lair:8   | Identified a +7 rod of the swarm (12/12) (You found it on level 8 of the Lair of Beasts)
  6730 | Lair:4   | Got a bloodstained hand axe
  6731 | Lair:4   | Identified the +5 hand axe "Eschiga" {venom, rF- rN+ MP-9 Str+7} (You found it on level 4 of the Lair of Beasts)
  6732 | Lair:4   | Identified the cursed +0 mace of Hudaj {pain, rC+ MR+ Int+2 SInv} (You found it on level 12 of the Dungeon)
  7019 | Snake:1  | Entered Level 1 of the Snake Pit
  7070 | Snake:1  | Reached skill level 20 in Axes
  7104 | Snake:2  | Noticed Jorgrun
  7106 | Snake:2  | Noticed Louise
  7120 | Snake:2  | Killed Jorgrun
  7121 | Snake:2  | Killed Louise
  7258 | Snake:2  | Received a gift from Trog
  7346 | Snake:3  | Reached XP level 15. HP: 139/139 MP: 21/21
  7385 | Snake:3  | Reached skill level 21 in Axes
  7460 | Snake:4  | Entered Level 4 of the Snake Pit
  7484 | Snake:4  | Noticed a greater naga
  7506 | Snake:4  | Received a gift from Trog
  7518 | Snake:4  | Killed a greater naga
  7677 | Snake:4  | Noticed a greater naga
  7690 | Snake:4  | Killed a greater naga
  7690 | Snake:4  | Reached skill level 15 in Fighting
  7702 | Snake:4  | HP: 5/141 [naga mage/spear (4)]
  7801 | Snake:4  | Noticed a greater naga
  7817 | Snake:4  | Killed a greater naga
  7877 | Snake:4  | Noticed a greater naga
  7915 | Snake:4  | Killed a greater naga
  7923 | Snake:4  | HP: 7/211 [naga warrior/glaive (12)]
  7924 | Snake:4  | Shot with an arrow by a naga sharpshooter

Vault maps used:
D:1:      dpeg_arrival_tiny_b
D:3:      ecumenical_altar_2, fountainhead
D:4:      tso_metal_star, uniq_natasha, uniq_eustachio, uniq_robin
D:5:      first_bread, portal_sewer_entry_a, minivault_4, serial_bayou_ford_a,
          uniq_crazy_yiuf_cottage, uniq_menkaure
D:6:      grunt_qazlal_clouds, temple_hall, hex_large
D:7:      solitary_fountain
D:8:      special_room, hangedman_tree_tricks
D:9:      grunt_temple_overflow_champion_of_chaos, minitemple
D:10:     uniq_nergalle
D:11:     david_lair_generic, okawaru_humans
D:12:     david_orc_5, uniq_kirke
D:13:     minmay_swirls_squares, david_vaults_1, uniq_maurice
D:14:     serial_shops, shop, shop_statue, lemuel_tele_altar,
          lemuel_statue_altar
Lair:2:   minivault_24, uniq_prince_ribbit2
Lair:3:   minmay_snake_entry_spellcaster, grunt_megastairs_4
Lair:4:   minmay_swamp_entry_worms, serial_bayou_shore_b, serial_bayou_shore_b,
          lemuel_fruit_tree
Lair:5:   minmay_holes, grunt_megastairs_2
Lair:6:   minmay_slime_entry_pillars, serial_bayou_lagoon_a
Lair:8:   evil_forest, serial_bayou_pond_e, grunt_megastairs_3
Snake:1:  uniq_donald
Snake:2:  boulder_indie, minmay_snake_pond, uniq_jorgrun, uniq_louise
Snake:3:  st_stairs_1
Snake:4:  minmay_snake_end_coiled, basic_stair_grate_trap, serial_bayou_shore_a
Orc:1:    serial_shops, nicolae_shop_statue_plus, nicolae_for_you_no_charge
Orc:2:    kennysheep_orc_mage_school, lab_entry_generic, mines2_lemuel
Lab:      nicolae_lab_flowing_pool, labyrinth_skeletal_remains, lab_hedge,
          labyrinth_fake_exit
Sewer:    kennysheep_door_sewer

Action                   |  1- 3 |  4- 6 |  7- 9 | 10-12 | 13-15 || total
-------------------------+-------+-------+-------+-------+-------++-------
Melee: Hand axe          |    41 |    69 |    21 |       |       ||   131
       War axe           |       |       |   154 |   488 |    61 ||   703
       Broad axe         |       |       |       |       |   646 ||   646
Invok: Berserk           |     3 |     4 |     4 |    15 |    13 ||    39
       Trog's Hand       |       |     3 |     2 |    17 |    31 ||    53
       Brothers in Arms  |       |       |       |       |     5 ||     5
Evoke: Wand              |       |       |       |    19 |     2 ||    21
  Use: Scroll            |       |     3 |     4 |    10 |    13 ||    30
       Potion            |       |       |       |       |     5 ||     5
 Stab: Confused          |       |       |       |       |     1 ||     1
  Eat: Chunk             |       |     6 |     8 |    25 |    21 ||    60
       Beef jerky        |       |       |       |     3 |     3 ||     6
       Fruit             |       |       |       |       |     7 ||     7
       Pizza             |       |       |       |       |     1 ||     1
